 Dungeon Crawl Stone Soup version 0.23.0 (webtiles) character file.

Game seed: 8718140512244686888

877 farkougg the Grave Robber (level 7, -2/46 HPs)
             Began as a Demonspawn Necromancer on Feb 12, 2019.
             Was a Follower of Sif Muna.
             Slain by a yak (16 damage)
             ... on level 7 of the Dungeon.
             The game lasted 00:50:07 (7411 turns).

farkougg the Grave Robber (Demonspawn Necromancer)  Turns: 7411, Time: 00:50:07

Health: -2/46      AC:  6    Str:  8    XL:     7   Next: 75%
Magic:  4/14       EV: 12    Int: 19    God:    Sif Muna [*.....]
Gold:   313        SH:  4    Dex: 13    Spells: 6/15 levels left

rFire    . . .     SeeInvis .   h - +1 dagger (venom)
rCold    . . .     Gourm    .   d - +0 buckler
rNeg     . . .     Faith    .   a - +0 robe
rPois    .         Spirit   .   s - +0 helmet
rElec    .         Reflect  .   (no cloak)
rCorr    .         Harm     .   (no gloves)
MR       .....                  (no boots)
Stlth    +++++.....             (no amulet)
HPRegen  0.15/turn              (no ring)
MPRegen  0.14/turn              (no ring)

@: no status effects
A: yellow scales 2, nightstalker 2
a: Divine Energy, Renounce Religion


You were on level 7 of the Dungeon.
You worshipped Sif Muna.
Sif Muna was aware of your devotion.
You were not hungry.

You visited 2 branches of the dungeon, and saw 8 of its levels.

You collected 313 gold pieces.

Inventory:

Hand Weapons
 h - a +1 dagger of venom (weapon)
 m - a +2 dagger of speed
Missiles
 j - 15 poisoned needles
 u - 9 curare-tipped needles
Armour
 a - a +0 robe (worn)
 d - a +0 buckler (worn)
 s - a +0 helmet (worn)
 t - the cursed +0 robe "Tirphoinel" {-Tele rElec rC+}
   (You found it on level 6 of the Dungeon)

   It protects you from cold.
   It insulates you from electricity.
   It prevents most forms of teleportation.
   It has a curse placed upon it.
Jewellery
 n - an uncursed ring of teleportation
 q - an uncursed amulet of the gourmand
Wands
 r - a wand of disintegration (6)
Scrolls
 b - 6 scrolls of identify
 i - 2 scrolls of remove curse
 k - 3 scrolls of enchant weapon
 w - a scroll of magic mapping
Potions
 e - a potion of degeneration {unknown}
 f - 2 potions of curing
 g - a potion of mutation {unknown}
 l - a potion of brilliance {unknown}
 o - 2 potions of invisibility {unknown}
 p - 2 potions of heal wounds {unknown}
 v - a potion of might {unknown}
Comestibles
 c - 6 rations


   Skills:
 - Level 1.7 Dodging
 + Level 5.0 Stealth
 + Level 2.6 Shields
 + Level 4.6 Spellcasting
 + Level 6.8 Necromancy


You had 6 spell levels left.
You knew the following spells:

 Your Spells              Type           Power        Failure   Level  Hunger
a - Pain                  Necr           ####         1%          1    None
b - Animate Skeleton      Necr           N/A          1%          1    None
c - Animate Dead          Necr           N/A          9%          4    ####...
d - Regeneration          Chrm/Necr      ###.......   11%         3    ###....

Your spell library contained the following spells:

 Spells                   Type           Power        Failure   Level  Hunger
 Vampiric Draining        Necr           ####......   2%          3    ###....


Dungeon Overview and Level Annotations

Branches:
Dungeon (7/15)             Temple (1/1) D:4

Altars:
Cheibriados
Elyvilon
Fedhas
Gozag
Kikubaaqudgha
Makhleb
Nemelex Xobeh
Okawaru
Ru
Sif Muna
Trog
Uskayaw
Vehumet
Wu Jian
Xom
Yredelemnul
The Shining One

Shops:
D:5 [   D:6 (

Annotations:
D:6 Grinder


Innate Abilities, Weirdness & Mutations

You are mostly covered in yellow scales. (AC +3)
You are significantly more attuned to the shadows.


Message History

Confirm with . or Enter, or press ? or * to list all spells.
Aiming: Pain (safe; 1% risk of failure)
Press: ? - help, Shift-Dir - straight line, f/p - yak
Aim: a yak (severely wounded, chance to defeat MR: 84%)
The yak writhes in agony.
Your yak zombie gores the yak!
The yak completely misses you. The yak gores your yak zombie!
Casting: Pain (safe; 1% risk of failure)
Confirm with . or Enter, or press ? or * to list all spells.
Aiming: Pain (safe; 1% risk of failure)
Press: ? - help, Shift-Dir - straight line, f/p - yak
Aim: a yak (severely wounded, chance to defeat MR: 84%)
The yak writhes in agony.
The yak gores you.
Your yak zombie gores the yak!
The yak gores your yak zombie but does no damage.
Casting: Pain (safe; 1% risk of failure)
Confirm with . or Enter, or press ? or * to list all spells.
Aiming: Pain (safe; 1% risk of failure)
Press: ? - help, Shift-Dir - straight line, f/p - yak
Aim: a yak (severely wounded, chance to defeat MR: 84%)
The yak writhes in agony.
The yak gores you!
You die...

########## #.$....$#
.........####.......#
...........##.......#
........Y#.........#
####.#########.....##
#..# #.......# ##.#
#..Y....#
#.#######..ZY...##
#....#...#..@.....
##[........#...####
#...........####
#..[........#
#...........# ##
##.........### ..
###.....).....
###........#.###
##...##.##.##...


You could see 2 yaks and a friendly yak zombie.

Vanquished Creatures
  A yak (D:7)
  A hungry ghost (D:7)
  A scorpion (D:6)
  A howler monkey (D:6)
  2 crimson imps
  3 orc wizards
  A centaur skeleton (D:6)
  2 worker ants (D:4)
  Robin (D:3)
  A worker ant zombie (D:5)
  7 gnolls
  4 adders
  A shadow imp (D:6)
  2 adder skeletons (D:4)
  A worm (D:3)
  A dart slug (D:2)
  3 leopard geckos
  10 orcs
  3 giant cockroaches
  14 goblins
  11 hobgoblins
  6 jackals
  A quokka (D:2)
  2 bats
  5 frilled lizards
  7 kobolds
  3 rats
95 creatures vanquished.

Vanquished Creatures (collateral kills)
  2 orc priests (D:5)
  An orc wizard (D:3)
  2 gnolls (D:3)
  4 orcs
  A giant cockroach (D:3)
  4 goblins
  2 kobolds (D:3)
  A ball python (D:2)
  2 bats (D:2)
19 creatures vanquished.

Vanquished Creatures (others)
  A worker ant (D:5)
  3 fungi (D:6)
4 creatures vanquished.

Grand Total: 118 creatures vanquished

Notes
Turn   | Place    | Note
-------+----------+-------------------------------------------
     0 | D:1      | farkougg the Demonspawn Necromancer began the quest for the
                  | Orb.
     0 | D:1      | Reached XP level 1. HP: 13/13 MP: 3/3
     2 | D:1      | Learned a level 1 spell: Animate Skeleton
   409 | D:1      | Gained mutation: You are partially covered in yellow
                  | scales. (AC +2) [demonic ancestry]
   409 | D:1      | Reached XP level 2. HP: 19/19 MP: 3/5
  1315 | D:2      | Gained mutation: You are slightly more attuned to the
                  | shadows. [demonic ancestry]
  1315 | D:2      | Reached XP level 3. HP: 24/24 MP: 4/6
  1713 | D:2      | Reached skill level 5 in Necromancy
  1718 | D:2      | Gained mutation: You are mostly covered in yellow scales.
                  | (AC +3) [demonic ancestry]
  1718 | D:2      | Reached XP level 4. HP: 25/30 MP: 1/8
  2286 | D:2      | Learned a level 4 spell: Animate Dead
  2432 | D:3      | Noticed Robin
  2849 | D:3      | Reached XP level 5. HP: 27/35 MP: 2/9
  3100 | D:3      | Killed Robin
  3741 | D:4      | Found a staircase to the Ecumenical Temple.
  3751 | Temple   | Entered the Ecumenical Temple
  3815 | Temple   | Became a worshipper of Sif Muna the Loreminder
  4129 | D:4      | Gained mutation: You are significantly more attuned to the
                  | shadows. [demonic ancestry]
  4129 | D:4      | Reached XP level 6. HP: 41/41 MP: 9/11
  4458 | D:5      | Entered Level 5 of the Dungeon
  4676 | D:5      | Reached skill level 6 in Necromancy
  5114 | D:5      | Reached skill level 1 in Shields
  5435 | D:5      | Found Pengoyl's Antique Armour Boutique.
  5540 | D:5      | Found a radiant altar of Vehumet.
  5548 | D:5      | Found a hide-covered altar of Uskayaw.
  5719 | D:5      | Learned a level 3 spell: Regeneration
  5742 | D:6      | Found Pel Miaps's Antique Weapon Emporium.
  5837 | D:6      | Noticed Grinder
  5840 | D:6      | Paralysed by Grinder for 3 turns
  5845 | D:6      | Paralysed by Grinder for 7 turns
  5945 | D:7      | Noticed a hippogriff
  5970 | D:5      | Found a snail-covered altar of Cheibriados.
  5970 | D:5      | Found a basalt altar of Yredelemnul.
  6039 | D:6      | Reached XP level 7. HP: 42/46 MP: 7/13
  6236 | D:6      | Got a silken robe
  6237 | D:6      | Identified the cursed +0 robe "Tirphoinel" {-Tele rElec
                  | rC+} (You found it on level 6 of the Dungeon)
  6754 | D:7      | Noticed a hungry ghost
  6899 | D:7      | Killed a hungry ghost
  6987 | D:7      | Noticed a yak
  6987 | D:7      | Noticed a yak
  7314 | D:7      | Killed a yak
  7314 | D:7      | Reached * piety under Sif Muna
  7314 | D:7      | Reached skill level 5 in Stealth
  7396 | D:7      | Noticed a yak
  7397 | D:7      | Noticed a yak
  7411 | D:7      | Slain by a yak

Skill      XL: |  1  2  3  4  5  6  7 |
---------------+----------------------+-----
Stealth        | 2 3 4 5 |  5.0
Necromancy     | 5 6 |  6.8
Spellcasting   | 3 4 |  4.6
Shields        | 1 2 |  2.6
Dodging        | |  1.7

Action                   |  1- 3 |  4- 6 |  7- 9 || total
-------------------------+-------+-------+-------++-------
Melee: Unarmed           |     3 |       |       ||     3
       Dagger            |    25 |   157 |    40 ||   222
 Cast: Pain              |    49 |    64 |    24 ||   137
       Animate Skeleton  |     3 |    21 |     1 ||    25
       Animate Dead      |       |     6 |     1 ||     7
       Regeneration      |       |       |     2 ||     2
Evoke: Wand              |       |       |     7 ||     7
  Use: Scroll            |       |     8 |     2 ||    10
       Potion            |       |     2 |       ||     2
 Stab: Sleeping          |     1 |     1 |     1 ||     3
       Distracted        |       |     1 |       ||     1
  Eat: Chunk             |     3 |     7 |       ||    10
       Ration            |       |     3 |     2 ||     5
Armor: Robe              |     5 |    57 |    18 ||    80
Dodge: Dodged            |    24 |    78 |    32 ||   134
Block: Buckler           |       |    10 |     5 ||    15
